 Dungeon Crawl Stone Soup version 0.29.1-2-gbd0b4ee654 (webtiles) character file.

Game seed: 5065185150043921980

42 leafyfresh the Sneak (level 3, -2/21 HPs)
             Began as an Octopode Hedge Wizard on Nov 12, 2022.
             Slain by a goblin
             ... wielding a +0 club
             ... led by Robin
              (7 damage)
             ... on level 1 of the Dungeon.
             The game lasted 00:02:32 (1864 turns).

leafyfresh the Sneak (Octopode Hedge Wizard)        Turns: 1864, Time: 00:02:33

Health: -2/21      AC:  1    Str:  9    XL:     3   Next: 56%
Magic:  1/7        EV: 13    Int: 18    God:
Gold:   55         SH:  0    Dex: 11    Spells: 7/8 levels left

rFire   . . .      SeeInvis .   a - +0 dagger
rCold   . . .      Faith    .   (no shield)
rNeg    . . .      Spirit   .   b - +0 hat
rPois   .          Reflect  .   (no amulet)
rElec   .          Harm     .   e - +4 ring of slaying
rCorr   .          Rampage  .   (no ring)
Will    .....                   (no ring)
Stlth   +++.......              (no ring)
HPRegen 0.07/turn               (no ring)
MPRegen 0.10/turn               (no ring)
                                (no ring)
                                (no ring)

@: very slightly contaminated
A: almost no armour, amphibious, 8 rings, camouflage 1, gelatinous body 1,
(nimble swimmer 1), tentacles
a: no special abilities


You were on level 1 of the Dungeon.
You visited 1 branch of the dungeon, and saw 2 of its levels.

You collected 55 gold pieces.

Inventory:

Hand Weapons
 a - a +0 dagger (weapon)
Armour
 b - a +0 hat (worn)
Jewellery
 e - a +4 ring of slaying (left tentacle)
Scrolls
 d - 2 scrolls of identify {unknown}
Potions
 c - 2 potions of magic
 f - a potion of degeneration {unknown}
 h - a potion of lignification {unknown}


   Skills:
 + Level 2.7 Dodging
 + Level 3.8 Stealth
 - Level 3.0 Spellcasting
 + Level 2.0 Conjurations
 - Level 1.0 Summonings
 - Level 1.0 Translocations


You had 7 spell levels left.
You knew the following spells:

 Your Spells              Type           Power      Damage    Failure   Level
a - Magic Dart            Conj           40%        1d5       7%          1

Your spell library contained the following spells:

 Spells                   Type           Power      Damage    Failure   Level
 Slow                     Hex            8%         N/A       16%         1
 Sting                    Tmut/Pois      8%         1d3       16%         1
 Blink                    Tloc           12%        N/A       16%         2
 Call Imp                 Summ           6%         N/A       16%         2
 Conjure Flame            Conj/Fire      6%         6-21      32%         3
 Mephitic Cloud           Conj/Pois/Air  5%         N/A       36%         3


Dungeon Overview and Level Annotations

Branches:
Dungeon (2/15)

Altars:


Innate Abilities, Weirdness & Mutations

You cannot wear most types of armour.
You are amphibious.
You can wear up to eight rings at the same time.
Your skin changes colour to match your surroundings (Stealth+).
Your rubbery body absorbs attacks. (AC +1, EV +1)
((You are camouflaged when in or above water. (Stealth+)))
You have tentacles for arms and can constrict up to eight enemies at once.


Message History

The magic dart hits Robin.
Robin is severely wounded.
A goblin comes into view. It is wielding a +0 dagger.
A goblin comes into view. It is wielding a +0 club.
Robin throws the goblin at you!
Casting: Magic Dart (safe; 7% risk of failure)
Confirm with . or Enter, or press ? or * to list all spells.
Aiming: Magic Dart (safe; 7% risk of failure)
Press: ? - help, Shift-Dir - straight line, f/p - Robin
Aim: Robin, wielding a +0 dagger, wearing a +0 animal skin and wearing a +0 helmet (severely wounded, 100% to hit)
The magic dart hits Robin.
Robin is almost dead.
A goblin comes into view. It is wielding a +0 club.
The goblin barely misses you. The goblin hits you with a +0 club.
Robin hits you with a +0 dagger.
You climb upwards.
There is a stone staircase leading down here.
Casting: Magic Dart (safe; 7% risk of failure)
Confirm with . or Enter, or press ? or * to list all spells.
Aiming: Magic Dart (safe; 7% risk of failure)
Press: ? - help, Shift-Dir - straight line, f - Robin
Aim: Robin, wielding a +0 dagger, wearing a +0 animal skin and wearing a +0 helmet (almost dead, 100% to hit)
The magic dart hits Robin but does no damage.
Robin is almost dead.
Robin hits you with a +0 dagger. The goblin closely misses you.
Casting: Magic Dart (safe; 7% risk of failure)
Confirm with . or Enter, or press ? or * to list all spells.
Aiming: Magic Dart (safe; 7% risk of failure)
Press: ? - help, Shift-Dir - straight line, f/p - Robin
Aim: Robin, wielding a +0 dagger, wearing a +0 animal skin and wearing a +0 helmet (almost dead, 100% to hit)
You miscast Magic Dart.
You are very lightly contaminated with residual magic.
Nothing appears to happen.
Robin laughs in a distinctly smug fashion.
Robin hits you with a +0 dagger. The goblin hits you with a +0 club.
* * * LOW HITPOINT WARNING * * *
You hit Robin.
You kill Robin!
The goblin hits you with a +0 club!
You die...

#.##.).########.###.#
#.##.......##.#####.#
#.##.......##..##...#
#.##.......###....###
#.#........# ##.###
#.#........# #.#
.>#........# #.#
....).)....####.####
..........###..)@g.#
.~##...........).÷.#
≈≈≈......####......#
#.##.....# #......#
#.##.....####......#
#.#########.#≈.....#
#.## #.≈≈.....# #..#
######.≈#.####
##.####≈≈≈##.##.#


You could see a goblin (strong).

Vanquished Creatures
  Robin (D:1)
  An adder (D:1)
  A dart slug (D:1)
  2 ball pythons (D:1)
  5 bats (D:1)
  2 endoplasms (D:1)
  2 giant cockroaches (D:1)
  4 goblins
  4 quokkas (D:1)
  A frilled lizard (D:1)
  4 kobolds
  A rat (D:2)
28 creatures vanquished.

Notes
Turn   | Place    | Note
-------+----------+-------------------------------------------
     0 | D:1      | leafyfresh the Octopode Hedge Wizard began the quest for
                  | the Orb.
     0 | D:1      | Reached XP level 1. HP: 11/11 MP: 4/4
    46 | D:1      | Found a faded altar of an unknown god.
   177 | D:1      | Got Plato's Essays on Toxicity
   231 | D:1      | Reached XP level 2. HP: 10/17 MP: 1/6
  1151 | D:1      | Reached XP level 3. HP: 21/21 MP: 7/7
  1542 | D:2      | Noticed Robin
  1864 | D:1      | Killed Robin
  1864 | D:1      | Slain by a goblin

Illustrated notes

Levels and vault maps discovered:
D:1:      lemuel_arrival_river_ford, layout_rooms, serial_rivers,
          chequers_serial_rivers_large_b, chequers_serial_rivers_marsh,
          chequers_serial_rivers_micro_e, chequers_serial_rivers_large_a,
          chequers_serial_rivers_small_b, shapermc_ecumenical_altar_rom_forum,
          palyth_stone_intersect
D:2:      layout_rooms, basic_altar, uniq_robin

Skill      XL: |  1  2  3 |
---------------+----------+-----
Stealth        | 3 |  3.8
Conjurations   | 2 |  2.0
Dodging        | |  2.7
Spellcasting   | |  3.0
Summonings     | |  1.0
Translocations | |  1.0

Action                   || total
-------------------------++-------
Melee: Dagger            ||    34
       Constrict         ||    11
       Tentacles         ||    10
 Cast: Magic Dart        ||    49
  Use: Potion            ||     1
 Stab: Sleeping          ||     2
Armor: Skin              ||    14
Dodge: Dodged            ||    37
